 Dungeon Crawl Stone Soup version 0.31-a0-1204-ge2c1a860ed (webtiles) character file.

Game seed: 3330840865868171592

7 lunkers the Ruffian (level 2, -1/23 HPs)
             Began as a Meteoran Shapeshifter on Dec 13, 2023.
             Slain by a gnoll
             ... wielding a +2 whip of electrocution
              (10 damage)
             ... on level 2 of the Dungeon.
             The game lasted 00:01:50 (419 turns).

lunkers the Ruffian (Meteoran Shapeshifter)          Turns: 419, Time: 00:01:51

Health: -1/23      AC:  2    Str: 15    XL:     2   Next: 17%
Magic:  3/3        EV: 12    Int: 11    God:
Gold:   40         SH:  0    Dex: 19    Spells: 1/1 levels left

rFire   . .          .
                       - Unarmed
rCold   . . .        (no shield)
rNeg    . . .        a - +0 animal skin
rPois   .            (helmet currently unavailable)
rElec   .            (cloak currently unavailable)
rCorr   .            (gloves currently unavailable)
SInv    .            (boots currently unavailable)
Will    .....        (no amulet)
Stlth   +            g - +6 ring of dexterity
HPRegen 0.23/turn    (no ring)
MPRegen 0.08/turn

%: no passive effects
@: beast-form, glowing
A: beast (slay +2), sense surroundings 1, otherworldly, glowing, explore regen
a: Begin Untransformation


You were on level 2 of the Dungeon.
You were a hulking beast.
You visited 1 branch of the dungeon, and saw 2 of its levels.

You collected 40 gold pieces.

Inventory:

Armour
 a - a +0 animal skin (worn)
 f - a +0 buckler
Jewellery
 g - a +6 ring of dexterity (left hand)
Talismans
 c - a beast talisman
 d - a flux talisman
Potions
 b - a potion of lignification
 e - a potion of curing {unknown}


   Skills:
 - Level 1.1 Fighting
 - Level 2.1 Dodging
 * Level 4.0 Unarmed Combat
 + Level 3.8 Shapeshifting


You had one spell level left.
You didn't know any spells.
Your spell library was empty.

Dungeon Overview and Level Annotations

Branches:
Dungeon (2/15) Zot: 782

Altars:

Shops:
D:2 (

Annotations:
D:2 Natasha


Innate Abilities, Weirdness & Mutations

You are a hulking beast.
Your limbs bulge with bestial killing power. (Slay +2)
You passively map a small area around you.
You are easily found by Zot.
You glow in the dark.
You regain HP and MP as you explore.


Message History

Things that are here:
a +0 short sword; a kobold corpse
Found Zoits's Weapon Shoppe.
There is an entrance to Zoits's Weapon Shoppe here.
Found an escape hatch in the ceiling.
You open the door.
There is an open door here.
As you open the door, it creaks loudly!
You hear an angry hiss.
You hear a shout! x2
Natasha, Servant of Life and Death comes into view.
You hear a shout!
Natasha is nearby!
A rat comes into view.
Found 5 stones.
The rat squeaks loudly.
Natasha claws you!
You hit Natasha.
Natasha is moderately wounded.
Natasha claws you!
* * * LOW HITPOINT WARNING * * *
You hit Natasha.
Natasha is heavily wounded.
You closely miss Natasha.
Natasha is heavily wounded.
Natasha closely misses you.
You closely miss Natasha.
Natasha is heavily wounded.
Natasha barely misses you.
You miss Natasha.
Natasha is heavily wounded.
Natasha barely misses you.
A gnoll comes into view.
It is wielding a +2 whip of electrocution.
You closely miss Natasha.
Natasha is heavily wounded.
Natasha closely misses you. The rat closely misses you.
You closely miss Natasha.
Natasha is heavily wounded.
Natasha claws you but does no damage.
The gnoll hits you with a +2 whip of electrocution!
You die...

####.##.######## , , ..
#...........# #
*#.####..#>.......# *
.. ,.................#
.##.#######........# *
... #........# ,
######.##### #..†.....#
, ......rg...#
#........#
(.....hh...#,+........#
...........###........#
...........'.+........#
...........###........#
...........###........#
..............#####'###
.....................#
* ,
#...#######...######.#
+ ..+.........# #.#


You could see Natasha, a gnoll and a rat.

Vanquished Creatures
  A ball python (D:1)
  2 endoplasms (D:2)
  2 bats
  A kobold (D:2)
  A rat (D:1)
7 creatures vanquished.

Notes
Turn   | Place    | Note
-------+----------+-------------------------------------------
     0 | D:1      | lunkers the Meteoran Shapeshifter began the quest for the
                  | Orb.
     0 | D:1      | Reached XP level 1. HP: 16/16 MP: 2/2
   309 | D:2      | Reached skill level 4 in Unarmed Combat
   309 | D:2      | Reached XP level 2. HP: 23/23 MP: 3/3
   347 | D:2      | Found Zoits's Weapon Shoppe.
   409 | D:2      | Noticed Natasha
   419 | D:2      | Slain by a gnoll

Illustrated notes

Levels and vault maps discovered:
D:1:      denvon_arrival_planthouse, layout_basic
D:2:      layout_basic, serial_shops, shop, uniq_natasha

Skill      XL: |  1 |
---------------+----+-----
Unarmed Combat | 4 |  4.0
Fighting       | |  1.1
Dodging        | |  2.1
Shapeshifting  | |  3.8

Action                     || total
---------------------------++-------
  Melee: Unarmed           ||    25
         Punch             ||     2
 Armour: Animal skin       ||    11
  Dodge: Dodged            ||    17

Table legend: (Time is in decaauts)
 A = Elapsed time spent in this place.
 B = Non-inter-level travel time spent in this place.
 C = Inter-level travel time spent in this place.
 D = Time resting spent in this place.
 E = Time spent auto-exploring this place.
 F = Levels seen in this place.
 G = Mean time per level.
                   A        B        C        D        E       F      G
               +--------+--------+--------+--------+--------+-----+--------+
         Total |    416 |    380 |     36 |      0 |    290 |   2 |  208.0 |
       Dungeon |    416 |    380 |     36 |      0 |    290 |   2 |  208.0 |
               +--------+--------+--------+--------+--------+-----+--------+

Top non-repeatable levels by time:
     D:1: 280 daAuts
     D:2: 136 daAuts
